Description

Overwhelm terran with zealots in his main while taking a fight

VOD

https://youtu.be/XDSLv3b7Bko?t=26340

Replay - Diamond_3_-_PvT_-_Game_17[1]

Build Order

Get SALT Encoding   

  12  0:00  Probe  
  13  0:12  Probe  
  14  0:17  Pylon  
  14  0:24  Probe  
  15  0:37  Probe (Chrono Boost)  
  15  0:39  Gateway  
  16  0:46  Assimilator  
  16  0:49  Probe (Chrono Boost)  
  17  0:54  Probe (Chrono Boost)  
  18  1:03  Probe  
  19  1:15  Probe  
  20  1:25  Nexus  
  20  1:28  Probe  
  21  1:42  Assimilator  
  21  1:44  Probe  
  21  1:45  Pylon  
  23  2:06  Cybernetics Core  
  24  2:22  Pylon  
  25  2:39  Pylon  
  25  2:40  Stalker (Chrono Boost)  
  29  2:44  Warp Gate  
  29  2:48  Twilight Council  
  31  3:03  Stalker  
  35  3:09  Gateway  
  38  3:24  Pylon  
  40  3:36  Stalker  
  45  3:52  Blink (Chrono Boost)  
  47  4:08  Nexus  
  51  4:21  Gateway  
  53  4:39  Stalker x2  
  59  5:05  Forge x2  
  61  5:13  Stalker x3  
  69  5:33  Protoss Ground Weapons Level 1 (Chrono Boost)  
  69  5:35  Protoss Ground Armor Level 1 (Chrono Boost)  
  72  5:47  Charge (Chrono Boost)  
  72  5:49  Nexus  
  74  5:52  Templar Archives  
  75  6:00  Stalker x2  
  84  6:20  Gateway x3  
  84  6:26  Gateway x3  
  87  6:33  Gateway  
  87  6:40  Robotics Facility  
  100  7:09  Nexus  
  100  7:12  Zealot x5  
  106  7:20  Zealot x2  
  117  7:30  Protoss Ground Armor Level 2 (Chrono Boost), Protoss Ground Weapons Level 2 (Chrono Boost)  
  117  7:41  Zealot x3  
  131  7:52  Observer  
  136  8:16  Warp Prism  
  198  9:13  Nexus  
Spawning Tool Build Advisor. Get it on Overwolf

Analysis

This is primarily to learn how to max out and execute a full build, not just the opening.

Make sure to not forget upgrades and keep making new bases as you saturate current ones.

Go to:

Details

  • Created by: kerimovich
  • Published on: Aug 16, 2021
  • Modified on: Aug 16, 2021
  • Patch: 4.11.0
  • Difficulty: Easy
Show
View Real Time Build Order
Export as new Build Order

Comments (0)

There are no comments. Be the first!

Create an account to comment!